 Dungeon Crawl Stone Soup version 0.28-a0-691-gad6df49e81 (webtiles) character file.

Game seed: 13955065655445354900

32 cheechan the Skirmisher (level 3, -14/32 HPs)
             Began as a Naga Chaos Knight on Oct 22, 2021.
             Was a Plaything of Xom.
             Killed by a magical explosion (41 damage)
             ... on level 1 of the Dungeon.
             The game lasted 00:04:54 (1188 turns).

cheechan the Skirmisher (Naga Chaos Knight)         Turns: 1188, Time: 00:04:54

Health: -14/32     AC:  5    Str: 15    XL:     3   Next: 27%
Magic:  3/3        EV:  9    Int: 12    God:    Xom [...*..]
Gold:   50         SH:  0    Dex: 12    Spells: 2/2 levels left

rFire   . . .      SeeInvis +   a - +0 hand axe (chaos)
rCold   . . .      Faith    .   (no shield)
rNeg    . . .      Spirit   .   b - +3 leather armour
rPois   +          Reflect  .   (no helmet)
rElec   .          Harm     .   (no cloak)
rCorr   .          Rampage  .   (no gloves)
Will    .....                   (no barding)
Stlth   +.........              (no amulet)
HPRegen 0.10/turn               (no ring)
MPRegen 0.08/turn               (no ring)

@: very very heavily contaminated, glowing, very slow
A: AC +1, large, see invisible, deformed body, poison resistance, slowness 2,
spit poison 1, naga tail 1, agile 1, deterioration 1, frail 1
a: Spit Poison, Renounce Religion


You were on level 1 of the Dungeon.
You worshipped Xom.
You were a favourite toy of Xom.
You visited 1 branch of the dungeon, and saw 1 of its levels.

You collected 50 gold pieces.

Inventory:

Hand Weapons
 a - a +0 hand axe of chaos (weapon)
Missiles
 c - 14 bolts
 d - 17 sling bullets
 f - 15 stones
Armour
 b - a +3 leather armour (worn)
Scrolls
 g - a scroll of enchant weapon {unknown}
Potions
 e - a potion of heal wounds {unknown}


   Skills:
 + Level 3.7 Fighting
 + Level 3.2 Axes
 + Level 1.9 Armour
 + Level 1.0 Dodging


You had 2 spell levels left.
You didn't know any spells.
Your spell library was empty.

Dungeon Overview and Level Annotations

Branches:
Dungeon (1/15)

Altars:


Innate Abilities, Weirdness & Mutations

Your serpentine skin is tough. (AC +1)
You have supernaturally acute eyesight. (SInv)
Armour fits poorly on your strangely shaped body.
Your system is resistant to poisons. (rPois)
You cover ground very slowly.
You can spit poison.
You have a snake-like lower body.
You are agile. (Dex +2)
Your body sometimes deteriorates upon taking damage.
You are frail. (-10% HP)


Message History

Your body shudders with the violent release of wild energies!
You feel agile.
You are engulfed in mutagenic fog.
The mutagenic energy flows into you.
Really slither into that cloud of mutagenic fog?
You are engulfed in mutagenic fog.
The mutagenic energy flows into you.
You are engulfed in mutagenic fog.
The mutagenic energy flows into you.
You are engulfed in mutagenic fog.
The mutagenic energy flows into you.
You are practically glowing with residual magic!
Really slither into that cloud of mutagenic fog?
You are engulfed in mutagenic fog.
The mutagenic energy flows into you.
Really slither into that cloud of mutagenic fog?
You are engulfed in mutagenic fog.
The mutagenic energy flows into you.
You are engulfed in mutagenic fog.
The mutagenic energy flows into you.
You are engulfed in mutagenic fog.
The mutagenic energy flows into you.
Really slither into that cloud of mutagenic fog?
You are engulfed in mutagenic fog.
The mutagenic energy flows into you.
You are engulfed in mutagenic fog.
The mutagenic energy flows into you.
Really slither into that cloud of mutagenic fog?
You are engulfed in mutagenic fog.
The mutagenic energy flows into you.
Your body shudders with the violent release of wild energies!
The magical storm engulfs you. You resist.
You feel yourself wasting away.
Really slither into that cloud of mutagenic fog?
You are engulfed in mutagenic fog.
The mutagenic energy flows into you.
You are engulfed in mutagenic fog.
The mutagenic energy flows into you.
You are engulfed in mutagenic fog.
The mutagenic energy flows into you.
Really slither into that cloud of mutagenic fog?
You are engulfed in mutagenic fog.
The mutagenic energy flows into you.
Really slither into that cloud of mutagenic fog?
You are engulfed in mutagenic fog.
The mutagenic energy flows into you.
Your entire body has taken on an eerie glow!
Xom thinks this is hilarious!
You are engulfed in mutagenic fog.
The mutagenic energy flows into you.
You are engulfed in mutagenic fog.
The mutagenic energy flows into you.
You are engulfed in mutagenic fog.
The mutagenic energy flows into you.
Your body shudders with the violent release of wild energies!
The magical storm engulfs you!!!
Ouch! That really hurt!
You die...
Xom chuckles heartily!

#.########...####'#########
#.#......'..)'...>..#......
#J#.######...######........
#.#...# #...#....##.......
#.###.# #...#....##.......
#.#.# #...#....###.#####
#...# #...#....# #..#
#.##########....####.####
#.#..#.ยง@..'...)'........
#.#..##.####....####..###
#.#..##.# #....# ##.###
#.#..##.# #....# #.#..
#.#..##.####....#####.#..
#.#...................#..
#.##.##.#############.#..
#.............#....##.#..
#####.#.#####.#.##.##.###


There were no monsters in sight!

Vanquished Creatures
  2 dart slugs (D:1)
  A ball python (D:1)
  4 bats (D:1)
  4 endoplasms (D:1)
  A giant cockroach (D:1)
  A goblin (D:1)
  3 hobgoblins (D:1)
  2 frilled lizards (D:1)
  3 kobolds (D:1)
  4 rats (D:1)
25 creatures vanquished.

Notes
Turn   | Place    | Note
-------+----------+-------------------------------------------
     0 | D:1      | cheechan the Naga Chaos Knight began the quest for the Orb.
     0 | D:1      | Reached XP level 1. HP: 21/21 MP: 1/1
    23 | D:1      | Reached skill level 1 in Dodging
   151 | D:1      | Reached XP level 2. HP: 27/28 MP: 2/2
   306 | D:1      | XOM: silly message
   328 | D:1      | XOM: silly message
   768 | D:1      | XOM: polymorph frilled lizard -> bat
   773 | D:1      | Reached XP level 3. HP: 23/34 MP: 3/3
   974 | D:1      | XOM: 8-stop teleportation journey
  1145 | D:1      | XOM: cloud trail
  1160 | D:1      | Gained mutation: You are frail. (-10% HP) [mutagenic glow]
  1166 | D:1      | Gained mutation: You are agile. (Dex +2) [mutagenic glow]
  1179 | D:1      | Gained mutation: Your body sometimes deteriorates upon
                  | taking damage. [mutagenic glow]
  1188 | D:1      | Killed by a magical explosion

Illustrated notes

Levels and vault maps discovered:
D:1:      lemuel_arrival_hallway, layout_basic, minmay_quantized

Skill      XL: |  1 |
---------------+----+-----
Dodging        | 1 |  1.0
Fighting       | |  3.7
Axes           | |  3.2
Armour         | |  1.9

Action                   || total
-------------------------++-------
Melee: Hand axe          ||    62
  Use: Scroll            ||     2
Armor: Leather armour    ||    36
Dodge: Dodged            ||    34

Table legend: (Time is in decaauts)
 A = Elapsed time spent in this place.
 B = Non-inter-level travel time spent in this place.
 C = Inter-level travel time spent in this place.
 D = Time resting spent in this place.
 E = Time spent auto-exploring this place.
 F = Levels seen in this place.
 G = Mean time per level.
                   A        B        C        D        E       F      G
               +--------+--------+--------+--------+--------+-----+--------+
         Total |   1532 |   1532 |      0 |    257 |      0 |   1 | 1532.0 |
       Dungeon |   1532 |   1532 |      0 |    257 |      0 |   1 | 1532.0 |
               +--------+--------+--------+--------+--------+-----+--------+

Top non-repeatable levels by time:
     D:1: 1532 daAuts
